AoeStats
← River

Arabia

511026078Analyzed
1v1 RM · 7h ago on Oct 3, 2026· 42m 25s· 2 players
Game mode
Random Map
Map size
Tiny (2 player)
Population
200
Speed
Normal
Resources
Standard
Victory
Conquest
Starting age
Dark Age
Ending age
Imperial Age
RankedLock teamsTeams togetherTeam positionsShared explorationLock speedFull tech treeHidden civsTurbo modeCheats
Victory
Defeat
🇨🇦 Danes · Canada
1025
+17
🇩🇰 Vietnamese · Denmark
1054
-17
River
6:38 Loom
9:13 Feudal Age
9:56 Double-Bit Axe
11:33 Man-at-Arms
13:16 Horse Collar
17:04 Arson
21:31 Castle Age
19:59 Fletching
20:09 Padded Archer Armor
23:00 Bow Saw
23:34 Bodkin Arrow
23:43 Scale Mail Armor
23:54 Forging
23:59 Squires
25:09 Wheelbarrow
25:34 Gold Mining
27:15 Hand Cart
27:12 Elite Skirmisher
29:16 Chain Mail Armor
28:26 Long Swordsman
28:51 Gambesons
33:39 Heavy Plow
34:51 Town Watch
35:43 Thumb Ring
36:17 Iron Casting
41:55 Imperial Age
40:09 Town Patrol
41:56 Fervor
vietbeo11
0:53 Loom
13:26 Feudal Age
14:08 Double-Bit Axe
15:57 Horse Collar
22:05 Fletching
25:09 Padded Archer Armor
29:51 Castle Age
34:46 Bow Saw
41:53 Bodkin Arrow
Connection lost

Rejoining the realm…

Still unreachable

The connection could not be restored.

Session expired

The server has moved on; the page needs a fresh start.